Sarnia Sailors vs Niagara IceDogs
Created - Saturday, July 1, 2023 at 05:50
Goals
|
| Sarnia Sailors |
2 |
0 |
3 |
5 |
| Niagara IceDogs |
0 |
4 |
2 |
6 |
|
Shots
|
| Sarnia Sailors |
14 |
11 |
17 |
42 |
| Niagara IceDogs |
11 |
15 |
13 |
39 |
|
1st period
1. Sarnia Sailors , Vasily Podkolzin 1 (Adam Erne 1, Dominic Toninato 1) at 16:38
2. Sarnia Sailors , Adam Erne 1 (Vasily Podkolzin 1, Alex Vlasic 1) at 17:54
Penalties :
Keegan Kolesar (SAR) for High sticking (Minor) at 0:51, Joseph Duszak (NID) for Tripping (Minor) at 3:11, Vasili Ponomarev (NID) for Fighting (Major) at 10:59, Dominic Turgeon (SAR) for Fighting (Major) at 10:59
2nd period
3. Niagara IceDogs , Chase Pearson 1 (Nicholas Robertson 1, John Ludvig 1) at 2:05
4. Niagara IceDogs , Vasili Ponomarev 1 (James Hamblin 1) at 14:13
5. Niagara IceDogs , Jayden Halbgewachs 1 (Joachim Blichfeld 1, Anthony Angello 1) at 14:23
6. Niagara IceDogs , Jayden Halbgewachs 2 (Anthony Angello 2, Joachim Blichfeld 2) at 18:19
Penalties :
No Penalty
3rd period
7. Sarnia Sailors , Dylan McLaughlin 1 (Seth Barton 1, Michael Dal Colle 1) at 2:35
8. Niagara IceDogs , Nicholas Robertson 1 (Chase Pearson 1) at 7:58
9. Niagara IceDogs , Nicholas Robertson 2 (Joachim Blichfeld 3) at 9:28
10. Sarnia Sailors , Connor Carrick 1 (Aleksi Heponiemi 1, Chris Wideman 1) at 12:41
11. Sarnia Sailors , Chris Wideman 1 (Adam Erne 2, Dylan McLaughlin 1) at 17:40 (PP)
Penalties :
Keegan Kolesar (SAR) for Hooking (Minor) at 5:30, Nicholas Robertson (NID) for Goalie Interference (Minor) at 16:50
Goalie Stats
Laurent Brossoit (SAR), 33 saves from 39 shots - (0.846), L, 0-1-0, 58:38 minutes
Dylan Ferguson (NID), 37 saves from 42 shots - (0.881), W, 1-0-0, 60:00 minutes
Players Stats for Sarnia Sailors
Player Name G A P +/- PIM S H SB GA TA FO MP PP MP PK MP
------------------------------------------------------------------------------------
Adam Erne 1 2 3 -1 0 5 2 0 0 0 2/5 22:16 0:28 1:58
Aleksi Heponiemi 0 1 1 0 0 1 3 0 2 0 0/0 12:12 0:00 1:57
Alex Vlasic 0 1 1 -4 0 4 1 0 1 2 0/0 29:06 1:59 2:14
Chris Wideman 1 1 2 -2 0 4 0 1 0 0 0/0 8:54 0:50 0:00
Connor Carrick 1 0 1 0 0 2 1 0 0 1 0/0 15:57 0:50 1:44
David Warsofsky 0 0 0 1 0 0 1 0 0 0 0/0 11:41 0:00 0:00
Dominic Toninato 0 1 1 0 0 2 1 0 0 0 15/30 21:41 0:00 1:58
Dominic Turgeon 0 0 0 0 5 0 1 0 0 0 5/7 11:24 2:21 0:00
Dylan McLaughlin 1 1 2 0 0 4 1 0 1 0 7/12 17:25 0:28 1:51
Jack Rathbone 0 0 0 -3 0 0 0 3 1 1 0/0 25:43 1:59 2:14
Josh Dickinson 0 0 0 -2 0 0 2 0 0 0 1/3 9:47 0:28 0:09
Keegan Kolesar 0 0 0 -1 4 5 2 1 3 1 0/1 18:45 2:21 0:00
Michael Dal Colle 0 1 1 0 0 3 2 0 0 0 0/0 15:09 0:00 0:03
Mitchell Vande Sompel 0 0 0 1 0 0 1 1 0 0 0/0 13:46 0:00 1:44
Rob Hamilton 0 0 0 1 0 2 0 0 0 0 0/0 16:18 0:00 0:00
Seth Barton 0 1 1 1 0 2 2 0 0 1 0/0 16:18 0:00 0:00
Vasily Podkolzin 1 1 2 1 0 7 0 0 4 0 1/2 21:33 2:21 0:00
Yannick Weber 0 0 0 -2 0 1 0 0 0 0 0/1 8:04 0:00 0:00
Players Stats for Niagara IceDogs
Player Name G A P +/- PIM S H SB GA TA FO MP PP MP PK MP
------------------------------------------------------------------------------------
Alex Whelan 0 0 0 0 0 3 0 1 0 1 0/0 13:01 0:00 0:00
Aliaksei Protas 0 0 0 -2 0 1 0 2 0 1 0/4 18:59 1:58 1:24
Anthony Angello 0 2 2 2 0 0 4 1 0 1 0/1 16:53 2:00 0:00
Arttu Ruotsalainen 0 0 0 -2 0 2 2 1 1 2 1/2 20:02 1:58 1:25
Chase Pearson 1 1 2 2 0 3 2 0 0 0 0/3 9:53 0:00 0:00
Conor Timmins 0 0 0 1 0 1 0 0 0 0 0/0 22:08 2:23 1:11
Filip Kral 0 0 0 0 0 0 1 0 0 0 0/0 15:32 0:00 0:00
Ian Mitchell 0 0 0 1 0 0 1 5 1 1 0/0 22:20 1:35 1:38
Jacob MacDonald 0 0 0 1 0 0 1 5 0 3 0/0 22:20 1:35 1:38
James Hamblin 0 1 1 0 0 3 2 0 0 0 0/0 13:01 0:00 0:00
Jayden Halbgewachs 2 0 2 2 0 5 0 0 0 0 9/18 16:53 2:00 0:00
Joachim Blichfeld 0 3 3 2 0 4 1 0 2 0 1/1 18:17 2:00 1:24
John Ludvig 0 1 1 1 0 3 0 0 0 2 0/0 22:08 2:23 1:11
Joseph Duszak 0 0 0 0 2 0 1 2 0 0 0/0 16:15 0:00 0:00
Nicholas Robertson 2 1 3 2 2 6 1 0 0 0 0/1 9:08 0:00 0:00
Rasmus Asplund 0 0 0 -2 0 4 2 0 0 1 13/23 19:33 1:58 1:25
Tim Soderlund 0 0 0 2 0 1 2 0 0 0 0/0 9:09 0:00 0:00
Vasili Ponomarev 1 0 1 0 5 3 2 1 2 0 6/8 11:36 0:00 0:00
3 Stars
1 - Nicholas Robertson (NID)
2 - Jayden Halbgewachs (NID)
3 - Chase Pearson (NID)
Power Play
Sarnia Sailors - 1 on 2 Attempt(s) - 50.00%
Niagara IceDogs - 0 on 2 Attempt(s) - 0.00%
Penalty Kill
Sarnia Sailors - 2 on 2 Attempt(s) - 100.00%
- Score 0 goal in Penalty Kill
Niagara IceDogs - 1 on 2 Attempt(s) - 50.00%
- Score 0 goal in Penalty Kill
Team Stat
Sarnia Sailors - Hits : 20 - Faceoff Wins : 31 - Blocked Shots : 6 - Penalty Minutes : 9
Niagara IceDogs - Hits : 22 - Faceoff Wins : 30 - Blocked Shots : 18 - Penalty Minutes : 9
Official
Referees : Evgeny Romasko and Kelly Sutherland
Linesman : Mark Wheler and Brad Kovachik
Game Notes
Vasili Ponomarev and Dominic Turgeon fight to a draw at 10:59 of 1st period
Sarnia Sailors
5 vs 5 Forward
Center Left Wing Right Wing Time % Phy DF OF
1 Dominic Toninato Adam Erne Vasily Podkolzin 40 1 2 2
2 Dylan McLaughlin Keegan Kolesar Michael Dal Colle 30 1 2 2
3 Dominic Turgeon Aleksi Heponiemi Connor Carrick 20 1 2 2
4 Josh Dickinson Chris Wideman Yannick Weber 10 1 2 2
5 vs 5 Defense
Defense Defense Time % Phy DF OF
1 Alex Vlasic Jack Rathbone 40 1 2 2
2 Rob Hamilton Seth Barton 30 1 2 2
3 Mitchell Vande Sompel David Warsofsky 20 1 2 2
4 Connor Carrick Alex Vlasic 10 1 2 2
PowerPlay Forward
Center Left Wing Right Wing Time % Phy DF OF
1 Dominic Turgeon Keegan Kolesar Vasily Podkolzin 50 1 2 2
2 Dylan McLaughlin Adam Erne Josh Dickinson 50 1 2 2
PowerPlay Defense
Defense Defense Time % Phy DF OF
1 Alex Vlasic Jack Rathbone 50 1 2 2
2 Connor Carrick Chris Wideman 50 1 2 2
Penalty Kill 4 Players Forward
Center Wing Time % Phy DF OF
1 Dominic Toninato Adam Erne 50 1 2 2
2 Dylan McLaughlin Aleksi Heponiemi 50 1 2 2
Penalty Kill 4 Players Defense
Defense Defense Time % Phy DF OF
1 Alex Vlasic Jack Rathbone 50 1 2 2
2 Mitchell Vande Sompel Connor Carrick 50 1 2 2
Penalty Kill - 3 Players Forward
Forward Time % Phy DF OF
1 Dominic Toninato 50 1 2 2
2 Dylan McLaughlin 50 1 2 2
Penalty Kill - 3 Players Defense
Defense Defense Time % Phy DF OF
1 Alex Vlasic Jack Rathbone 50 1 2 2
2 Rob Hamilton Connor Carrick 50 1 2 2
4 vs 4 Forward
Center Wing Time % Phy DF OF
1 Keegan Kolesar Vasily Podkolzin 50 1 2 2
2 Dominic Turgeon Adam Erne 50 1 2 2
4 vs 4 Defense
Defense Defense Time % Phy DF OF
1 Alex Vlasic Jack Rathbone 50 1 2 2
2 Connor Carrick Yannick Weber 50 1 2 2
Last Minutes Offensive
Center Left Wing Right Wing Defense Defense
Dominic Toninato Keegan Kolesar Vasily Podkolzin Jack Rathbone Alex Vlasic
Last Minutes Defensive
Center Left Wing Right Wing Defense Defense
Dylan McLaughlin Keegan Kolesar Dominic Toninato Jack Rathbone Alex Vlasic
Goaltenders
Starting : Laurent Brossoit
Backup : Matt Tomkins
Extra Forwards
Normal : Josh Dickinson, Adam Erne, Aleksi Heponiemi - PP : Josh Dickinson, Aleksi Heponiemi - PK : Josh Dickinson
Extra Defensemen
Normal : Yannick Weber, Seth Barton, Alex Vlasic - PP : David Warsofsky - PK : Yannick Weber, Seth Barton
Penalty Shots
Keegan Kolesar, Vasily Podkolzin, Dominic Toninato, Aleksi Heponiemi, Michael Dal Colle
Niagara IceDogs
5 vs 5 Forward
Center Left Wing Right Wing Time % Phy DF OF
1 Rasmus Asplund Arttu Ruotsalainen Aliaksei Protas 30 1 2 2
2 Jayden Halbgewachs Joachim Blichfeld Anthony Angello 30 1 2 2
3 Vasili Ponomarev James Hamblin Alex Whelan 25 1 2 2
4 Chase Pearson Nicholas Robertson Tim Soderlund 15 1 2 2
5 vs 5 Defense
Defense Defense Time % Phy DF OF
1 Ian Mitchell Jacob MacDonald 35 1 2 2
2 Conor Timmins John Ludvig 35 1 2 2
3 Joseph Duszak Filip Kral 30 1 2 2
4 Ian Mitchell Jacob MacDonald 0 1 2 2
PowerPlay Forward
Center Left Wing Right Wing Time % Phy DF OF
1 Rasmus Asplund Arttu Ruotsalainen Aliaksei Protas 50 1 2 2
2 Jayden Halbgewachs Joachim Blichfeld Anthony Angello 50 1 2 2
PowerPlay Defense
Defense Defense Time % Phy DF OF
1 Ian Mitchell Jacob MacDonald 50 1 2 2
2 Conor Timmins John Ludvig 50 1 2 2
Penalty Kill 4 Players Forward
Center Wing Time % Phy DF OF
1 Rasmus Asplund Arttu Ruotsalainen 50 1 2 2
2 Aliaksei Protas Joachim Blichfeld 50 1 2 2
Penalty Kill 4 Players Defense
Defense Defense Time % Phy DF OF
1 Ian Mitchell Jacob MacDonald 50 1 2 2
2 Conor Timmins John Ludvig 50 1 2 2
Penalty Kill - 3 Players Forward
Forward Time % Phy DF OF
1 Rasmus Asplund 50 1 2 2
2 Arttu Ruotsalainen 50 1 2 2
Penalty Kill - 3 Players Defense
Defense Defense Time % Phy DF OF
1 Ian Mitchell Jacob MacDonald 50 1 2 2
2 Conor Timmins John Ludvig 50 1 2 2
4 vs 4 Forward
Center Wing Time % Phy DF OF
1 Rasmus Asplund Arttu Ruotsalainen 50 1 2 2
2 Aliaksei Protas Joachim Blichfeld 50 1 2 2
4 vs 4 Defense
Defense Defense Time % Phy DF OF
1 Ian Mitchell Jacob MacDonald 50 1 2 2
2 Conor Timmins John Ludvig 50 1 2 2
Last Minutes Offensive
Center Left Wing Right Wing Defense Defense
Rasmus Asplund Arttu Ruotsalainen Aliaksei Protas Ian Mitchell Jacob MacDonald
Last Minutes Defensive
Center Left Wing Right Wing Defense Defense
Rasmus Asplund Arttu Ruotsalainen Aliaksei Protas Ian Mitchell Jacob MacDonald
Goaltenders
Starting : Dylan Ferguson
Backup : Michael Dipietro
Extra Forwards
Normal : Vasili Ponomarev, James Hamblin, Chase Pearson - PP : Vasili Ponomarev, James Hamblin - PK : Chase Pearson
Extra Defensemen
Normal : Joseph Duszak, Filip Kral, Conor Timmins - PP : Joseph Duszak - PK : Filip Kral, Conor Timmins
Penalty Shots
Rasmus Asplund, Arttu Ruotsalainen, Aliaksei Protas, Joachim Blichfeld, Jayden Halbgewachs
% Time on Ice - Sarnia Sailors
Lines # - Real PCT - Wanted PCT - Time Play
Normal Forward
1 - 36% - 40% - 18:40
2 - 29% - 30% - 15:06
3 - 20% - 20% - 10:15
4 - 15% - 10% - 8:04
Normal Defense
1 - 39% - 40% - 20:22
2 - 32% - 30% - 16:39
3 - 22% - 20% - 11:41
4 - 6% - 10% - 3:23
PP Forward
1 - 83% - 50% - 2:21
2 - 17% - 50% - 0:28
PP Defense
1 - 70% - 50% - 1:59
2 - 30% - 50% - 0:50
PK Forward
1 - 51% - 50% - 2:01
2 - 49% - 50% - 1:57
PK Defense
1 - 56% - 50% - 2:14
2 - 44% - 50% - 1:44
PK3 Forward
1 - 0% - 50%
2 - 0% - 50%
PK3 Defense
1 - 0% - 50%
2 - 0% - 50%
44 Forward
1 - 0% - 50%
2 - 0% - 50%
44 Defense
1 - 0% - 50%
2 - 0% - 50%
Last Minute Offensive - 1:08
Last Minute Defensive - 0:00
Total
Forward - 60:00
Defense - 60:00
|
% Time on Ice - Niagara IceDogs
Lines # - Real PCT - Wanted PCT - Time Play
Normal Forward
1 - 29% - 30% - 15:03
2 - 29% - 30% - 14:53
3 - 25% - 25% - 13:01
4 - 18% - 15% - 9:09
Normal Defense
1 - 35% - 35% - 18:08
2 - 36% - 35% - 18:34
3 - 30% - 30% - 15:24
4 - 0% - 0% - 0:00
PP Forward
1 - 50% - 50% - 1:58
2 - 50% - 50% - 2:00
PP Defense
1 - 40% - 50% - 1:35
2 - 60% - 50% - 2:23
PK Forward
1 - 50% - 50% - 1:25
2 - 50% - 50% - 1:24
PK Defense
1 - 58% - 50% - 1:38
2 - 42% - 50% - 1:11
PK3 Forward
1 - 0% - 50%
2 - 0% - 50%
PK3 Defense
1 - 0% - 50%
2 - 0% - 50%
44 Forward
1 - 0% - 50%
2 - 0% - 50%
44 Defense
1 - 0% - 50%
2 - 0% - 50%
Last Minute Offensive - 0:00
Last Minute Defensive - 1:07
Total
Forward - 60:00
Defense - 60:00
|
Play-by-Play
1st period
0:01 of 1st period - Rasmus Asplund wins face-off versus Dominic Toninato in neutral zone.
0:12 of 1st period - Snap shot by Vasily Podkolzin.
0:12 of 1st period - Deflect By Adam Erne.
0:12 of 1st period - Stopped by Dylan Ferguson with a rebound.
0:20 of 1st period - Vasily Podkolzin is hit by Arttu Ruotsalainen and loses puck.
0:31 of 1st period - Snap shot by Vasily Podkolzin.
0:31 of 1st period - Shot Blocked by Jacob MacDonald.
0:39 of 1st period - Snap shot by Keegan Kolesar.
0:39 of 1st period - Shot Misses the Net.
0:51 of 1st period - Minor Penalty to Keegan Kolesar for High sticking.
0:52 of 1st period - Dominic Toninato wins face-off versus Rasmus Asplund in Sarnia Sailors zone.
1:05 of 1st period - Wrist shot by Rasmus Asplund.
1:05 of 1st period - Shot Misses the Net.
1:07 of 1st period - Slapshot by Conor Timmins.
1:07 of 1st period - Stopped by Laurent Brossoit with a rebound.
1:47 of 1st period - Snap shot by Jayden Halbgewachs.
1:47 of 1st period - Shot Misses the Net.
2:51 of 1st period - Penalty to Keegan Kolesar is over, Keegan Kolesar is back on ice.
2:59 of 1st period - Nicholas Robertson is hit by Adam Erne and loses puck.
3:11 of 1st period - Minor Penalty to Joseph Duszak for Tripping.
3:12 of 1st period - Dominic Turgeon wins face-off versus Aliaksei Protas in Niagara IceDogs zone.
3:27 of 1st period - Icing by Alex Vlasic.
3:28 of 1st period - Dominic Turgeon wins face-off versus Rasmus Asplund in Sarnia Sailors zone.
4:06 of 1st period - Snap shot by Keegan Kolesar.
4:06 of 1st period - Shot Blocked by Ian Mitchell.
4:08 of 1st period - Slapshot by Alex Vlasic.
4:08 of 1st period - Shot Misses the Net.
4:41 of 1st period - Snap shot by Keegan Kolesar.
4:41 of 1st period - Shot Misses the Net.
5:11 of 1st period - Penalty to Joseph Duszak is over, Joseph Duszak is back on ice.
5:11 of 1st period - Wrist shot by Vasily Podkolzin.
5:11 of 1st period - Stopped by Dylan Ferguson with a rebound.
5:36 of 1st period - Snap shot by Dominic Turgeon.
5:36 of 1st period - Shot Misses the Net.
5:38 of 1st period - Slapshot by Alex Vlasic.
5:38 of 1st period - Shot Misses the Net.
5:52 of 1st period - Wrist shot by Vasily Podkolzin.
5:52 of 1st period - Stopped by Dylan Ferguson with a rebound.
5:54 of 1st period - Slapshot by Alex Vlasic.
5:54 of 1st period - Stopped by Dylan Ferguson without a rebound.
5:55 of 1st period - Vasili Ponomarev wins face-off versus Yannick Weber in Niagara IceDogs zone.
6:02 of 1st period - Seth Barton is hit by Vasili Ponomarev.
6:06 of 1st period - Snap shot by Josh Dickinson.
6:06 of 1st period - Shot Misses the Net.
6:27 of 1st period - Wrist shot by Vasili Ponomarev.
6:27 of 1st period - Stopped by Laurent Brossoit without a rebound.
6:28 of 1st period - Josh Dickinson wins face-off versus Jayden Halbgewachs in Sarnia Sailors zone.
7:08 of 1st period - Jacob MacDonald is hit by Michael Dal Colle and loses puck.
7:29 of 1st period - Jacob MacDonald is hit by Mitchell Vande Sompel and loses puck.
7:36 of 1st period - Snap shot by Adam Erne.
7:36 of 1st period - Stopped by Dylan Ferguson with a rebound.
8:00 of 1st period - Snap shot by Michael Dal Colle.
8:00 of 1st period - Stopped by Dylan Ferguson with a rebound.
8:02 of 1st period - Snap shot by Adam Erne.
8:02 of 1st period - Stopped by Dylan Ferguson without a rebound.
8:03 of 1st period - Jayden Halbgewachs wins face-off versus Josh Dickinson in Niagara IceDogs zone.
8:17 of 1st period - Snap shot by Jayden Halbgewachs.
8:17 of 1st period - Shot Blocked by Chris Wideman.
8:19 of 1st period - Snap shot by Conor Timmins.
8:19 of 1st period - Deflect By Joachim Blichfeld.
8:19 of 1st period - Stopped by Laurent Brossoit with a rebound.
8:29 of 1st period - Rob Hamilton is hit by Chase Pearson and loses puck.
8:34 of 1st period - Snap shot by Nicholas Robertson.
8:34 of 1st period - Deflect By Chase Pearson.
8:34 of 1st period - Stopped by Laurent Brossoit without a rebound.
8:35 of 1st period - Dominic Toninato wins face-off versus Chase Pearson in Sarnia Sailors zone.
8:46 of 1st period - Snap shot by Aleksi Heponiemi.
8:46 of 1st period - Shot Misses the Net.
8:58 of 1st period - Alex Vlasic is hit by Nicholas Robertson and loses puck.
9:29 of 1st period - Dominic Toninato is hit by Anthony Angello.
10:19 of 1st period - Icing by Dominic Toninato.
10:20 of 1st period - Adam Erne wins face-off versus Jayden Halbgewachs in Sarnia Sailors zone.
10:59 of 1st period - Vasili Ponomarev and Dominic Turgeon fight to a draw.
10:59 of 1st period - Penalty to Vasili Ponomarev for Fighting.
10:59 of 1st period - Penalty to Dominic Turgeon for Fighting.
11:00 of 1st period - Vasily Podkolzin wins face-off versus Rasmus Asplund in Sarnia Sailors zone.
11:25 of 1st period - John Ludvig is hit by Aleksi Heponiemi and loses puck.
13:12 of 1st period - James Hamblin is hit by Josh Dickinson and loses puck.
13:17 of 1st period - Snap shot by Chris Wideman.
13:17 of 1st period - Stopped by Dylan Ferguson with a rebound.
14:25 of 1st period - Snap shot by Aliaksei Protas.
14:25 of 1st period - Shot Misses the Net.
14:27 of 1st period - Slapshot by James Hamblin.
14:27 of 1st period - Shot Blocked by Keegan Kolesar.
14:37 of 1st period - Backhand shot by Chase Pearson.
14:37 of 1st period - Shot Misses the Net.
14:48 of 1st period - Off-side.
14:49 of 1st period - Dylan McLaughlin wins face-off versus Jayden Halbgewachs in neutral zone.
14:56 of 1st period - Wrist shot by Keegan Kolesar.
14:56 of 1st period - Stopped by Dylan Ferguson without a rebound.
14:57 of 1st period - Rasmus Asplund wins face-off versus Dominic Toninato in Niagara IceDogs zone.
15:14 of 1st period - Vasily Podkolzin is hit by Arttu Ruotsalainen and loses puck.
16:10 of 1st period - Chase Pearson is hit by Adam Erne and loses puck.
16:22 of 1st period - Off-side.
16:23 of 1st period - Dylan McLaughlin wins face-off versus Rasmus Asplund in neutral zone.
16:25 of 1st period - Off-side.
16:26 of 1st period - Dylan McLaughlin wins face-off versus Rasmus Asplund in neutral zone.
16:32 of 1st period - Off-side.
16:33 of 1st period - Dominic Toninato wins face-off versus Rasmus Asplund in neutral zone.
16:38 of 1st period - Snap shot by Vasily Podkolzin.
16:38 of 1st period - Goal by Vasily Podkolzin - Sarnia Sailors : 1 - Niagara IceDogs : 0.
16:39 of 1st period - Rasmus Asplund wins face-off versus Dominic Toninato in neutral zone.
17:04 of 1st period - Anthony Angello is hit by Aleksi Heponiemi and loses puck.
17:09 of 1st period - Wrist shot by Aleksi Heponiemi.
17:09 of 1st period - Deflect By Connor Carrick.
17:09 of 1st period - Stopped by Dylan Ferguson without a rebound.
17:10 of 1st period - Jayden Halbgewachs wins face-off versus Dominic Turgeon in Niagara IceDogs zone.
17:37 of 1st period - Jacob MacDonald is hit by Seth Barton and loses puck.
17:44 of 1st period - Wrist shot by Aleksi Heponiemi.
17:44 of 1st period - Stopped by Dylan Ferguson without a rebound.
17:45 of 1st period - Rasmus Asplund wins face-off versus Dominic Toninato in Niagara IceDogs zone.
17:52 of 1st period - Slapshot by Vasily Podkolzin.
17:52 of 1st period - Deflect By Arttu Ruotsalainen.
17:52 of 1st period - Stopped by Dylan Ferguson with a rebound.
17:54 of 1st period - Snap shot by Adam Erne.
17:54 of 1st period - Goal by Adam Erne - Sarnia Sailors : 2 - Niagara IceDogs : 0.
17:55 of 1st period - Vasili Ponomarev wins face-off versus Dominic Toninato in neutral zone.
18:02 of 1st period - Wrist shot by James Hamblin.
18:02 of 1st period - Deflect By Vasily Podkolzin.
18:02 of 1st period - Stopped by Laurent Brossoit with a rebound.
18:04 of 1st period - Snap shot by James Hamblin.
18:04 of 1st period - Shot Misses the Net.
18:06 of 1st period - Snap shot by Alex Whelan.
18:06 of 1st period - Stopped by Laurent Brossoit without a rebound.
18:07 of 1st period - Rasmus Asplund wins face-off versus Adam Erne in Sarnia Sailors zone.
18:34 of 1st period - Connor Carrick is hit by James Hamblin and loses puck.
18:56 of 1st period - Dylan McLaughlin is hit by Tim Soderlund and loses puck.
19:07 of 1st period - Backhand shot by Nicholas Robertson.
19:07 of 1st period - Stopped by Laurent Brossoit without a rebound.
19:08 of 1st period - Jayden Halbgewachs wins face-off versus Adam Erne in Sarnia Sailors zone.
19:09 of 1st period - Snap shot by Joachim Blichfeld.
19:09 of 1st period - Stopped by Laurent Brossoit with a rebound.
19:13 of 1st period - Snap shot by Joachim Blichfeld.
19:13 of 1st period - Shot Misses the Net.
19:15 of 1st period - Wrist shot by Jayden Halbgewachs.
19:15 of 1st period - Stopped by Laurent Brossoit with a rebound.
19:19 of 1st period - Snap shot by Joachim Blichfeld.
19:19 of 1st period - Stopped by Laurent Brossoit without a rebound.
19:20 of 1st period - Rasmus Asplund wins face-off versus Dominic Toninato in Sarnia Sailors zone.
19:25 of 1st period - Wrist shot by Aliaksei Protas.
19:25 of 1st period - Stopped by Laurent Brossoit with a rebound.
19:45 of 1st period - Joseph Duszak is hit by Keegan Kolesar and loses puck.
19:54 of 1st period - Snap shot by Keegan Kolesar.
19:54 of 1st period - Shot Misses the Net.
Goals for this period are 2 for Sarnia Sailors vs 0 for Niagara IceDogs.
Shots for this period are 14 for Sarnia Sailors vs 11 for Niagara IceDogs.
2nd period
0:01 of 2nd period - Dominic Toninato wins face-off versus Jayden Halbgewachs in neutral zone.
0:06 of 2nd period - Snap shot by Adam Erne.
0:06 of 2nd period - Stopped by Dylan Ferguson with a rebound.
0:10 of 2nd period - Snap shot by Vasily Podkolzin.
0:10 of 2nd period - Stopped by Dylan Ferguson with a rebound.
0:16 of 2nd period - Wrist shot by Vasily Podkolzin.
0:16 of 2nd period - Shot Misses the Net.
0:37 of 2nd period - Snap shot by Vasili Ponomarev.
0:37 of 2nd period - Shot Misses the Net.
0:39 of 2nd period - Snap shot by Alex Whelan.
0:39 of 2nd period - Stopped by Laurent Brossoit with a rebound.
1:58 of 2nd period - Conor Timmins is hit by Alex Vlasic and loses puck.
2:01 of 2nd period - Slapshot by John Ludvig.
2:01 of 2nd period - Shot Blocked by Jack Rathbone.
2:03 of 2nd period - Snap shot by Chase Pearson.
2:03 of 2nd period - Deflect By Nicholas Robertson.
2:03 of 2nd period - Stopped by Laurent Brossoit with a rebound.
2:05 of 2nd period - Snap shot by Chase Pearson.
2:05 of 2nd period - Goal by Chase Pearson - Sarnia Sailors : 2 - Niagara IceDogs : 1.
2:06 of 2nd period - Jayden Halbgewachs wins face-off versus Adam Erne in neutral zone.
2:09 of 2nd period - Vasily Podkolzin is hit by Anthony Angello and loses puck.
2:39 of 2nd period - Off-side.
2:40 of 2nd period - Rasmus Asplund wins face-off versus Dylan McLaughlin in neutral zone.
2:53 of 2nd period - Snap shot by Arttu Ruotsalainen.
2:53 of 2nd period - Stopped by Laurent Brossoit without a rebound.
2:54 of 2nd period - Jayden Halbgewachs wins face-off versus Dominic Toninato in Sarnia Sailors zone.
3:19 of 2nd period - John Ludvig is hit by Connor Carrick and loses puck.
3:42 of 2nd period - Rasmus Asplund is hit by Keegan Kolesar and loses puck.
4:01 of 2nd period - Wrist shot by Chris Wideman.
4:01 of 2nd period - Stopped by Dylan Ferguson with a rebound.
4:06 of 2nd period - Off-side.
4:07 of 2nd period - Dominic Toninato wins face-off versus Arttu Ruotsalainen in neutral zone.
4:22 of 2nd period - Vasily Podkolzin is hit by Filip Kral and loses puck.
4:43 of 2nd period - Snap shot by Vasili Ponomarev.
4:43 of 2nd period - Stopped by Laurent Brossoit with a rebound.
4:57 of 2nd period - Michael Dal Colle is hit by Anthony Angello and loses puck.
5:02 of 2nd period - Snap shot by Jayden Halbgewachs.
5:02 of 2nd period - Stopped by Laurent Brossoit with a rebound.
5:39 of 2nd period - Slapshot by Dominic Toninato.
5:39 of 2nd period - Stopped by Dylan Ferguson with a rebound.
5:41 of 2nd period - Snap shot by Jack Rathbone.
5:41 of 2nd period - Deflect By Adam Erne.
5:41 of 2nd period - Shot Misses the Net.
5:41 of 2nd period - Puck is out of play.
5:42 of 2nd period - Jayden Halbgewachs wins face-off versus Dominic Toninato in Niagara IceDogs zone.
5:57 of 2nd period - Wrist shot by Joachim Blichfeld.
5:57 of 2nd period - Stopped by Laurent Brossoit with a rebound.
6:12 of 2nd period - Snap shot by Adam Erne.
6:12 of 2nd period - Shot Misses the Net.
6:14 of 2nd period - Slapshot by Vasily Podkolzin.
6:14 of 2nd period - Shot Misses the Net.
6:16 of 2nd period - Snap shot by Dominic Toninato.
6:16 of 2nd period - Shot Misses the Net.
6:18 of 2nd period - Slapshot by Alex Vlasic.
6:18 of 2nd period - Stopped by Dylan Ferguson with a rebound.
6:20 of 2nd period - Slapshot by Alex Vlasic.
6:20 of 2nd period - Shot Blocked by Ian Mitchell.
6:22 of 2nd period - Slapshot by Jack Rathbone.
6:22 of 2nd period - Shot Misses the Net.
6:26 of 2nd period - Snap shot by Dominic Toninato.
6:26 of 2nd period - Shot Blocked by Aliaksei Protas.
6:44 of 2nd period - Icing by Alex Vlasic.
6:45 of 2nd period - Vasili Ponomarev wins face-off versus Vasily Podkolzin in Sarnia Sailors zone.
6:46 of 2nd period - Snap shot by James Hamblin.
6:46 of 2nd period - Shot Misses the Net.
6:57 of 2nd period - Snap shot by Adam Erne.
6:57 of 2nd period - Shot Blocked by Alex Whelan.
6:59 of 2nd period - Slapshot by Alex Vlasic.
6:59 of 2nd period - Deflect By Vasily Podkolzin.
6:59 of 2nd period - Stopped by Dylan Ferguson with a rebound.
7:01 of 2nd period - Slapshot by Jack Rathbone.
7:01 of 2nd period - Shot Blocked by Joseph Duszak.
7:07 of 2nd period - Wrist shot by Adam Erne.
7:07 of 2nd period - Shot Misses the Net.
7:09 of 2nd period - Snap shot by Dominic Toninato.
7:09 of 2nd period - Stopped by Dylan Ferguson with a rebound.
7:11 of 2nd period - Slapshot by Alex Vlasic.
7:11 of 2nd period - Stopped by Dylan Ferguson without a rebound.
7:12 of 2nd period - Dylan McLaughlin wins face-off versus Jayden Halbgewachs in Niagara IceDogs zone.
7:44 of 2nd period - Snap shot by Jayden Halbgewachs.
7:44 of 2nd period - Stopped by Laurent Brossoit with a rebound.
8:02 of 2nd period - Yannick Weber is hit by James Hamblin and loses puck.
8:09 of 2nd period - Slapshot by Vasili Ponomarev.
8:09 of 2nd period - Shot Blocked by Mitchell Vande Sompel.
8:11 of 2nd period - Slapshot by Ian Mitchell.
8:11 of 2nd period - Shot Misses the Net.
9:42 of 2nd period - Backhand shot by Nicholas Robertson.
9:42 of 2nd period - Stopped by Laurent Brossoit with a rebound.
10:14 of 2nd period - Snap shot by Vasili Ponomarev.
10:14 of 2nd period - Shot Misses the Net.
12:23 of 2nd period - Dominic Toninato is hit by Chase Pearson and loses puck.
12:34 of 2nd period - Conor Timmins is hit by Michael Dal Colle and loses puck.
12:45 of 2nd period - Slapshot by Keegan Kolesar.
12:45 of 2nd period - Shot Hit the Post.
14:13 of 2nd period - Slapshot by Vasili Ponomarev.
14:13 of 2nd period - Goal by Vasili Ponomarev - Sarnia Sailors : 2 - Niagara IceDogs : 2.
14:14 of 2nd period - Joachim Blichfeld wins face-off versus Dominic Toninato in neutral zone.
14:23 of 2nd period - Slapshot by Joachim Blichfeld.
14:23 of 2nd period - Deflect By Jayden Halbgewachs.
14:23 of 2nd period - Goal by Jayden Halbgewachs - Sarnia Sailors : 2 - Niagara IceDogs : 3.
14:24 of 2nd period - Rasmus Asplund wins face-off versus Dominic Toninato in neutral zone.
14:54 of 2nd period - Wrist shot by Dylan McLaughlin.
14:54 of 2nd period - Stopped by Dylan Ferguson with a rebound.
14:56 of 2nd period - Snap shot by Dylan McLaughlin.
14:56 of 2nd period - Shot Misses the Net.
14:58 of 2nd period - Snap shot by Michael Dal Colle.
14:58 of 2nd period - Stopped by Dylan Ferguson without a rebound.
14:59 of 2nd period - Dominic Toninato wins face-off versus Vasili Ponomarev in Niagara IceDogs zone.
15:06 of 2nd period - Slapshot by Vasily Podkolzin.
15:06 of 2nd period - Shot Blocked by Vasili Ponomarev.
15:08 of 2nd period - Slapshot by Seth Barton.
15:08 of 2nd period - Shot Misses the Net.
15:10 of 2nd period - Slapshot by Rob Hamilton.
15:10 of 2nd period - Stopped by Dylan Ferguson with a rebound.
15:12 of 2nd period - Backhand shot by Rob Hamilton.
15:12 of 2nd period - Shot Misses the Net.
15:47 of 2nd period - Wrist shot by James Hamblin.
15:47 of 2nd period - Stopped by Laurent Brossoit without a rebound.
15:48 of 2nd period - Dylan McLaughlin wins face-off versus Jayden Halbgewachs in Sarnia Sailors zone.
16:55 of 2nd period - Tim Soderlund is hit by Seth Barton and loses puck.
17:08 of 2nd period - Joachim Blichfeld is hit by Josh Dickinson.
17:54 of 2nd period - Wrist shot by Vasily Podkolzin.
17:54 of 2nd period - Shot Blocked by Joseph Duszak.
18:07 of 2nd period - Icing by Alex Vlasic.
18:08 of 2nd period - Jayden Halbgewachs wins face-off versus Josh Dickinson in Sarnia Sailors zone.
18:19 of 2nd period - Snap shot by Jayden Halbgewachs.
18:19 of 2nd period - Goal by Jayden Halbgewachs - Sarnia Sailors : 2 - Niagara IceDogs : 4.
18:20 of 2nd period - Rasmus Asplund wins face-off versus Dominic Toninato in neutral zone.
18:45 of 2nd period - Jayden Halbgewachs is hit by Dylan McLaughlin and loses puck.
19:06 of 2nd period - Slapshot by Dominic Turgeon.
19:06 of 2nd period - Shot Misses the Net.
19:24 of 2nd period - Chase Pearson is hit by David Warsofsky and loses puck.
19:47 of 2nd period - Wrist shot by Rasmus Asplund.
19:47 of 2nd period - Stopped by Laurent Brossoit without a rebound.
19:48 of 2nd period - Arttu Ruotsalainen wins face-off versus Dominic Toninato in Sarnia Sailors zone.
19:49 of 2nd period - Snap shot by Rasmus Asplund.
19:49 of 2nd period - Shot Misses the Net.
19:51 of 2nd period - Slapshot by John Ludvig.
19:51 of 2nd period - Deflect By Vasily Podkolzin.
19:51 of 2nd period - Stopped by Laurent Brossoit without a rebound.
19:52 of 2nd period - Rasmus Asplund wins face-off versus Dominic Toninato in Sarnia Sailors zone.
Goals for this period are 0 for Sarnia Sailors vs 4 for Niagara IceDogs.
Shots for this period are 11 for Sarnia Sailors vs 15 for Niagara IceDogs.
3rd period
0:01 of 3rd period - Jayden Halbgewachs wins face-off versus Dominic Toninato in neutral zone.
0:06 of 3rd period - Snap shot by Conor Timmins.
0:06 of 3rd period - Deflect By Jayden Halbgewachs.
0:06 of 3rd period - Shot Blocked by Jack Rathbone.
0:06 of 3rd period - Puck is out of play.
0:07 of 3rd period - Dominic Toninato wins face-off versus Jayden Halbgewachs in Sarnia Sailors zone.
0:07 of 3rd period - Dominic Toninato is hit by Joachim Blichfeld.
0:52 of 3rd period - Jack Rathbone is hit by Anthony Angello and loses puck.
1:01 of 3rd period - Backhand shot by Anthony Angello.
1:01 of 3rd period - Shot Misses the Net.
1:51 of 3rd period - Icing by Joachim Blichfeld.
1:52 of 3rd period - Jayden Halbgewachs wins face-off versus Dylan McLaughlin in Niagara IceDogs zone.
2:01 of 3rd period - Slapshot by Joachim Blichfeld.
2:01 of 3rd period - Deflect By Rob Hamilton.
2:01 of 3rd period - Shot Misses the Net.
2:01 of 3rd period - Puck is out of play.
2:02 of 3rd period - Dylan McLaughlin wins face-off versus Rasmus Asplund in Sarnia Sailors zone.
2:02 of 3rd period - Dylan McLaughlin is hit by Joseph Duszak.
2:20 of 3rd period - Rob Hamilton is hit by Rasmus Asplund and loses puck.
2:29 of 3rd period - Snap shot by Michael Dal Colle.
2:29 of 3rd period - Shot Misses the Net.
2:31 of 3rd period - Slapshot by Seth Barton.
2:31 of 3rd period - Stopped by Dylan Ferguson with a rebound.
2:33 of 3rd period - Snap shot by Seth Barton.
2:33 of 3rd period - Shot Misses the Net.
2:35 of 3rd period - Wrist shot by Dylan McLaughlin.
2:35 of 3rd period - Goal by Dylan McLaughlin - Sarnia Sailors : 3 - Niagara IceDogs : 4.
2:36 of 3rd period - Vasili Ponomarev wins face-off versus Dominic Turgeon in neutral zone.
3:02 of 3rd period - Dylan McLaughlin is hit by Rasmus Asplund and loses puck.
3:07 of 3rd period - Snap shot by Rasmus Asplund.
3:07 of 3rd period - Shot Misses the Net.
3:29 of 3rd period - Wrist shot by Yannick Weber.
3:29 of 3rd period - Stopped by Dylan Ferguson without a rebound.
3:30 of 3rd period - Dominic Toninato wins face-off versus Nicholas Robertson in Niagara IceDogs zone.
5:04 of 3rd period - Snap shot by Nicholas Robertson.
5:04 of 3rd period - Stopped by Laurent Brossoit with a rebound.
5:06 of 3rd period - Wrist shot by Chase Pearson.
5:06 of 3rd period - Shot Misses the Net.
5:08 of 3rd period - Wrist shot by Filip Kral.
5:08 of 3rd period - Deflect By Nicholas Robertson.
5:08 of 3rd period - Shot Misses the Net.
5:08 of 3rd period - Puck is out of play.
5:09 of 3rd period - Rasmus Asplund wins face-off versus Dylan McLaughlin in Sarnia Sailors zone.
5:10 of 3rd period - Snap shot by Aliaksei Protas.
5:10 of 3rd period - Shot Misses the Net.
5:12 of 3rd period - Slapshot by Rasmus Asplund.
5:12 of 3rd period - Shot Misses the Net.
5:30 of 3rd period - Minor Penalty to Keegan Kolesar for Hooking.
5:31 of 3rd period - Dylan McLaughlin wins face-off versus Anthony Angello in Sarnia Sailors zone.
5:38 of 3rd period - Slapshot by Dylan McLaughlin.
5:38 of 3rd period - Shot Misses the Net.
5:45 of 3rd period - Icing by Anthony Angello.
5:46 of 3rd period - Dominic Toninato wins face-off versus Jayden Halbgewachs in Niagara IceDogs zone.
6:15 of 3rd period - Slapshot by John Ludvig.
6:15 of 3rd period - Stopped by Laurent Brossoit with a rebound.
6:17 of 3rd period - Wrist shot by Rasmus Asplund.
6:17 of 3rd period - Stopped by Laurent Brossoit with a rebound.
6:19 of 3rd period - Snap shot by Arttu Ruotsalainen.
6:19 of 3rd period - Shot Misses the Net.
7:30 of 3rd period - Penalty to Keegan Kolesar is over, Keegan Kolesar is back on ice.
7:39 of 3rd period - John Ludvig is hit by Dominic Toninato and loses puck.
7:58 of 3rd period - Wrist shot by Nicholas Robertson.
7:58 of 3rd period - Goal by Nicholas Robertson - Sarnia Sailors : 3 - Niagara IceDogs : 5.
7:59 of 3rd period - Vasili Ponomarev wins face-off versus Keegan Kolesar in neutral zone.
8:16 of 3rd period - Dylan McLaughlin is hit by Jacob MacDonald and loses puck.
8:39 of 3rd period - Snap shot by Chris Wideman.
8:39 of 3rd period - Stopped by Dylan Ferguson with a rebound.
8:53 of 3rd period - Jacob MacDonald is hit by Dominic Turgeon and loses puck.
9:28 of 3rd period - Slapshot by Nicholas Robertson.
9:28 of 3rd period - Goal by Nicholas Robertson - Sarnia Sailors : 3 - Niagara IceDogs : 6.
9:29 of 3rd period - Dominic Toninato wins face-off versus Aliaksei Protas in neutral zone.
9:43 of 3rd period - Snap shot by Rasmus Asplund.
9:43 of 3rd period - Shot Misses the Net.
9:45 of 3rd period - Wrist shot by Rasmus Asplund.
9:45 of 3rd period - Stopped by Laurent Brossoit with a rebound.
9:59 of 3rd period - Slapshot by Jayden Halbgewachs.
9:59 of 3rd period - Shot Misses the Net.
10:06 of 3rd period - Icing by Dylan McLaughlin.
10:07 of 3rd period - Rasmus Asplund wins face-off versus Dylan McLaughlin in Sarnia Sailors zone.
10:08 of 3rd period - Snap shot by Arttu Ruotsalainen.
10:08 of 3rd period - Shot Blocked by Jack Rathbone.
10:24 of 3rd period - Wrist shot by Michael Dal Colle.
10:24 of 3rd period - Shot Blocked by Arttu Ruotsalainen.
10:26 of 3rd period - Snap shot by Keegan Kolesar.
10:26 of 3rd period - Stopped by Dylan Ferguson with a rebound.
11:02 of 3rd period - Wrist shot by Keegan Kolesar.
11:02 of 3rd period - Stopped by Dylan Ferguson with a rebound.
11:04 of 3rd period - Wrist shot by Dylan McLaughlin.
11:04 of 3rd period - Stopped by Dylan Ferguson without a rebound.
11:05 of 3rd period - Dominic Toninato wins face-off versus Jayden Halbgewachs in Niagara IceDogs zone.
11:10 of 3rd period - Snap shot by Dominic Toninato.
11:10 of 3rd period - Shot Misses the Net.
11:12 of 3rd period - Slapshot by Rob Hamilton.
11:12 of 3rd period - Stopped by Dylan Ferguson with a rebound.
11:39 of 3rd period - Vasili Ponomarev is hit by Aleksi Heponiemi.
12:22 of 3rd period - Mitchell Vande Sompel is hit by Vasili Ponomarev and loses puck.
12:41 of 3rd period - Wrist shot by Connor Carrick.
12:41 of 3rd period - Goal by Connor Carrick - Sarnia Sailors : 4 - Niagara IceDogs : 6.
12:42 of 3rd period - Rasmus Asplund wins face-off versus Dominic Toninato in neutral zone.
13:08 of 3rd period - Michael Dal Colle is hit by Ian Mitchell and loses puck.
13:40 of 3rd period - Off-side.
13:41 of 3rd period - Dominic Toninato wins face-off versus Chase Pearson in neutral zone.
14:00 of 3rd period - Adam Erne is hit by Tim Soderlund and loses puck.
14:13 of 3rd period - Wrist shot by Dylan McLaughlin.
14:13 of 3rd period - Shot Blocked by Anthony Angello.
14:15 of 3rd period - Slapshot by Keegan Kolesar.
14:15 of 3rd period - Shot Blocked by Jacob MacDonald.
14:17 of 3rd period - Snap shot by Michael Dal Colle.
14:17 of 3rd period - Stopped by Dylan Ferguson with a rebound.
14:19 of 3rd period - Slapshot by Seth Barton.
14:19 of 3rd period - Shot Blocked by Ian Mitchell.
14:21 of 3rd period - Slapshot by Seth Barton.
14:21 of 3rd period - Stopped by Dylan Ferguson without a rebound.
14:22 of 3rd period - Dominic Turgeon wins face-off versus Rasmus Asplund in Niagara IceDogs zone.
14:35 of 3rd period - Snap shot by Aleksi Heponiemi.
14:35 of 3rd period - Shot Misses the Net.
14:40 of 3rd period - Icing by John Ludvig.
14:41 of 3rd period - Dominic Toninato wins face-off versus Rasmus Asplund in Niagara IceDogs zone.
14:46 of 3rd period - Wrist shot by Vasily Podkolzin.
14:46 of 3rd period - Shot Hit the Post.
14:52 of 3rd period - Wrist shot by Arttu Ruotsalainen.
14:52 of 3rd period - Stopped by Laurent Brossoit with a rebound.
14:54 of 3rd period - Snap shot by Rasmus Asplund.
14:54 of 3rd period - Stopped by Laurent Brossoit with a rebound.
14:56 of 3rd period - Slapshot by John Ludvig.
14:56 of 3rd period - Stopped by Laurent Brossoit without a rebound.
14:57 of 3rd period - Vasili Ponomarev wins face-off versus Dylan McLaughlin in Sarnia Sailors zone.
15:28 of 3rd period - Snap shot by Chase Pearson.
15:28 of 3rd period - Stopped by Laurent Brossoit with a rebound.
16:33 of 3rd period - Slapshot by James Hamblin.
16:33 of 3rd period - Stopped by Laurent Brossoit with a rebound.
16:37 of 3rd period - Wrist shot by Alex Whelan.
16:37 of 3rd period - Stopped by Laurent Brossoit with a rebound.
16:50 of 3rd period - Minor Penalty to Nicholas Robertson for Goalie Interference.
16:51 of 3rd period - Adam Erne wins face-off versus Aliaksei Protas in Niagara IceDogs zone.
16:51 of 3rd period - Snap shot by Dylan McLaughlin.
16:51 of 3rd period - Shot Hit the Post.
16:53 of 3rd period - Slapshot by Connor Carrick.
16:53 of 3rd period - Shot Misses the Net.
16:55 of 3rd period - Snap shot by Adam Erne.
16:55 of 3rd period - Shot Blocked by Jacob MacDonald.
16:57 of 3rd period - Snap shot by Dylan McLaughlin.
16:57 of 3rd period - Shot Blocked by Aliaksei Protas.
16:59 of 3rd period - Wrist shot by Dylan McLaughlin.
16:59 of 3rd period - Stopped by Dylan Ferguson with a rebound.
17:01 of 3rd period - Slapshot by Connor Carrick.
17:01 of 3rd period - Deflect By Adam Erne.
17:01 of 3rd period - Shot Misses the Net.
17:01 of 3rd period - Puck is out of play.
17:02 of 3rd period - Dominic Turgeon wins face-off versus Aliaksei Protas in Niagara IceDogs zone.
17:08 of 3rd period - Snap shot by Dominic Turgeon.
17:08 of 3rd period - Shot Blocked by Ian Mitchell.
17:10 of 3rd period - Slapshot by Chris Wideman.
17:10 of 3rd period - Shot Blocked by Jacob MacDonald.
17:12 of 3rd period - Snap shot by Keegan Kolesar.
17:12 of 3rd period - Stopped by Dylan Ferguson with a rebound.
17:14 of 3rd period - Wrist shot by Keegan Kolesar.
17:14 of 3rd period - Shot Misses the Net.
17:40 of 3rd period - Slapshot by Chris Wideman.
17:40 of 3rd period - Goal by Chris Wideman - Sarnia Sailors : 5 - Niagara IceDogs : 6.
17:41 of 3rd period - Dominic Turgeon wins face-off versus Vasili Ponomarev in neutral zone.
18:12 of 3rd period - Wrist shot by Tim Soderlund.
18:12 of 3rd period - Stopped by Laurent Brossoit without a rebound.
18:13 of 3rd period - Dominic Toninato wins face-off versus Chase Pearson in Sarnia Sailors zone.
18:38 of 3rd period - Sarnia Sailors, Laurent Brossoit is pulled from the net.
19:17 of 3rd period - Snap shot by Alex Vlasic.
19:17 of 3rd period - Stopped by Dylan Ferguson with a rebound.
19:19 of 3rd period - Snap shot by Keegan Kolesar.
19:19 of 3rd period - Stopped by Dylan Ferguson with a rebound.
19:21 of 3rd period - Wrist shot by Keegan Kolesar.
19:21 of 3rd period - Shot Misses the Net.
19:23 of 3rd period - Snap shot by Keegan Kolesar.
19:23 of 3rd period - Shot Blocked by Jacob MacDonald.
19:25 of 3rd period - Wrist shot by Jack Rathbone.
19:25 of 3rd period - Deflect By Vasily Podkolzin.
19:25 of 3rd period - Stopped by Dylan Ferguson with a rebound.
19:51 of 3rd period - Snap shot by Keegan Kolesar.
19:51 of 3rd period - Deflect By Jacob MacDonald.
19:51 of 3rd period - Shot Blocked by Ian Mitchell.
19:51 of 3rd period - Puck is out of play.
19:52 of 3rd period - Gord Dineen call a timeout for Sarnia Sailors.
19:52 of 3rd period - Dominic Toninato wins face-off versus Rasmus Asplund in Niagara IceDogs zone.
Goals for this period are 3 for Sarnia Sailors vs 2 for Niagara IceDogs.
Shots for this period are 17 for Sarnia Sailors vs 13 for Niagara IceDogs.
Back to the Top